 Dungeon Crawl Stone Soup version bcrawl-1.37.2 (webtiles) character file.

Game seed: 13970128891414752791

643442 Morbidden the Grappler (level 16, -3/158 HPs)
             Began as a Troll Archaeologist on Dec 29, 2022.
             Was the Champion of Cheibriados.
             Killed from afar by Aizul (43 damage)
             ... with a poison arrow
             ... on level 1 of the Snake Pit.
             The game lasted 00:40:14 (20895 turns).

Morbidden the Grappler (Troll Archaeologist)       Turns: 20895, Time: 00:40:14

Health: -3/158     AC: 15    Str: 41    XL:     16   Next: 36%
Magic:  34/34      EV: 19    Int: 34    God:    Cheibriados [******]
Gold:   1792       SH:  0    Dex: 26    Spells: 16/28 levels left

rFire    + . .     GDR:     38%   - Claws (48.5)
rCold    + . .     SeeInvis +   (no shield)
rNeg     . . .     Gourm    +   (armour unavailable)
rPois    .         Faith    .   c - +1 hat {Int+3}
rElec    +         Spirit   .   U - +2 cloak "Bakhlial" {Str+3 Dex+3}
rCorr    .         Reflect  .   (gloves unavailable)
MR       +....     Clarity  +   (boots unavailable)
Stlth    ++++......             (no amulet)
HPRegen  1.16/turn              M - ring of the Philosopher {*Contam rElec rF+ MP+9 SInv}
MPRegen  0.24/turn              x - ring of the Good {Slay+4 Stlth+} (curse)

@: lethally poisoned (-3 -> -9), very slow
A: large, almost no armour, claws 3, cold resistance 1, fast metabolism 3,
gourmand, regeneration 2, AC +11
a: Bend Time, Defer, Temporal Distortion, Step From Time, Renounce Religion


You were on level 1 of the Snake Pit.
You worshipped Cheibriados.
Cheibriados was exalted by your worship.
You were very full.

You visited 5 branches of the dungeon, and saw 22 of its levels.
You also visited: Ossuary and Gauntlet.

You collected 1792 gold pieces.

Inventory:

Hand Weapons
 b - a +8 hunting sling of freezing
 N - a +0 blowgun
Missiles
 d - 147 poisoned needles
 o - 2880 stones
 s - 223 javelins (quivered)
 t - 90 large rocks
 A - 545 poisoned tomahawks
 D - 15 exploding tomahawks
 O - 1443 sling bullets
Armour
 a - a scarf of resistance
 c - a +1 hat of intelligence (worn)
 U - the +2 cloak "Bakhlial" (worn) {Str+3 Dex+3}
   (You found it in a Gauntlet)

   It affects your strength (+3).
   It affects your dexterity (+3).
Jewellery
 g - an uncursed ring of poison resistance
 w - an uncursed ring of protection from fire
 x - the cursed ring of the Good (right claw) {Slay+4 Stlth+}
   (You took it off a minotaur in a Gauntlet)

   [ring of slaying]

   It affects your accuracy and damage with ranged weapons and melee attacks
   (+4).
   It makes you more stealthy.
   It has a curse placed upon it.
 y - a +5 ring of strength
 M - the ring of the Philosopher (left claw) {*Contam rElec rF+ MP+9 SInv}
   (You found it in a Gauntlet)

   [ring of protection from fire]

   It protects you from fire.
   It insulates you from electricity.
   It affects your magic capacity (+9).
   It lets you see invisible.
   It causes magical contamination when unequipped.
 X - a +7 ring of intelligence
Wands
 n - a wand of digging (1)
 q - a wand of flame (11)
 v - a wand of charming (12)
 K - a wand of random effects (29)
 P - a wand of paralysis (11)
 S - a wand of acid (8)
 V - a wand of clouds (2)
 Y - a wand of disintegration (42)
Scrolls
 i - 5 scrolls of identify
 k - 2 scrolls of fear
 m - 8 scrolls of teleportation
 p - a scroll of immolation
 z - 7 scrolls of remove curse
 F - 3 scrolls of enchant armour
 R - 4 scrolls of amnesia
 T - 2 scrolls of magic mapping
Potions
 h - a potion of berserk rage
 j - 2 potions of lignification
 l - 7 potions of agility
 r - 4 potions of curing
 B - 3 potions of brilliance
 E - 5 potions of mutation
 G - 3 potions of resistance
 H - a potion of cancellation
 I - 2 potions of invisibility
 J - 2 potions of magic
 Q - a potion of ambrosia
 W - 2 potions of might
Miscellaneous
 f - a lightning rod (4/4)
 Z - a phial of floods (inert)
Comestibles
 e - 53 rations {!d}


   Skills:
 * Level 10.0 Fighting
   Level 1.0 Maces & Flails
 + Level 6.4(7.4) Slings
 * Level 7.7(9.4) Throwing
 * Level 8.6 Dodging
 + Level 3.2 Stealth
 * Level 13.4 Unarmed Combat
 * Level 6.7 Spellcasting
 * Level 4.4 Conjurations
 * Level 3.9 Transmutations
 + Level 3.2 Fire Magic
 * Level 3.1 Earth Magic
 * Level 8.2 Invocations
 * Level 6.1 Evocations


You had 16 spell levels left.
You knew the following spells:

 Your Spells              Type           Power        Failure   Level  Hunger
a - Beastly Appendage     Tmut           #####.       1%          1    None
b - Flame Tongue          Conj/Fire      #####        1%          1    None
c - Statue Form           Tmut/Erth      #####....    80%         6    ######.
z - Sticky Flame          Conj/Fire      #####...     8%          4    ####...

Your spell library contained the following spells:

 Spells                   Type           Power        Failure   Level  Hunger
 Passwall                 Tmut/Erth      #####...     1%          2    None
 Sticks to Snakes         Tmut           #####...     1%          2    None
 Conjure Flame            Conj/Fire      #####...     2%          3    #......
 Necrotize                Necr           ##....       3%          1    None
 Summon Small Mammal      Summ           ##..         3%          1    None
 Flaming Arrows           Chrm/Fire      ###.....     3%          2    None
 Spider Form              Tmut/Pois      ###          4%          3    #......
 Call Imp                 Summ           ##....       5%          2    None
 Swiftness                Chrm/Air       ##......     5%          2    None
 Inner Flame              Hex/Fire       N/A          6%          3    #......
 Call Canine Familiar     Summ           ##......     11%         3    #......
 Vampiric Draining        Necr           ##........   11%         3    #......
 Ice Form                 Ice/Tmut       ###.....     17%         4    ####...
 Tree Form                Hex/Tmut       N/A          17%         4    ####...
 Blade Hands              Tmut           #####.....   21%         5    #####..
 Fireball                 Conj/Fire      #####.....   22%         5    #####..
 Bolt of Magma            Conj/Fire/Erth #####.....   24%         5    #####..
 Lee's Rapid Deconstruct  Erth           ####......   28%         5    #####..
 Agony                    Necr           ##......     36%         4    ####...
 Animate Dead             Necr           N/A          36%         4    ####...
 Summon Ice Beast         Ice/Summ       ##......     36%         4    ####...
 Dispel Undead            Necr           ##......     71%         5    #####..
 Passage of Golubria      Tloc           N/A          71%         5    #####..
 Summon Lightning Spire   Summ/Air       ##......     71%         5    #####..
 Iron Shot                Conj/Erth      #####.....   77%         6    ######.
 Darkness                 Hex            ##........   99%         6    ######.
 Invisibility             Hex            ##......     99%         6    ######.
 Dragon Form              Tmut           #####..      99%         7    #######
 Necromutation            Tmut/Necr      ###.....     100%        8    #######
 Shatter                  Erth           ####......   100%        9    #######


Dungeon Overview and Level Annotations

Branches:
Dungeon (12/12)            Temple (1/1) D:4            Lair (6/6) D:9
 Shoals (0/3) Lair:4        Snake (2/3) Lair:3        Slime (0/5) Lair:6
    Orc (1/1) D:8             Elf (0/3) Orc          Vaults (0/3) D:12
 Depths (0/5) D:12

Altars:
Cheibriados
Dithmenos
Elyvilon
Gozag
Hepliaklqana
Kikubaaqudgha
Lugonu
Makhleb
Nemelex Xobeh
Qazlal
Ru
Sif Muna
Trog
Uskayaw
Wu Jian
Yredelemnul
Zin
The Shining One
Jiyva

Shops:
Orc *(((}

Portals:
Abyss: Lair:6

Annotations:
D:8 exclusion: 2 doors
Snake:1 Aizul


Innate Abilities, Weirdness & Mutations

You cannot wear most types of armour.
Your thick skin is tough. (AC +11)
You are too large for most types of armour.
You have claws for hands.
Your flesh is cold resistant. (rC+)
Your metabolism is lightning-fast.
You like to eat raw meat.
You heal very quickly.


Message History

No path to travel!
You scratch Aizul but do no damage.
Aizul is heavily wounded.
You feel sick. Aizul hits you but does no damage.
You closely miss Aizul.
Aizul is heavily wounded.
Aizul says, "I wasn't actually sleeping!"
Aizul hits you but does no damage.
No path to travel!
You claw Aizul!
Aizul is heavily wounded.
You feel sick. Aizul hits you but does no damage.
No path to travel!
You mangle Aizul!! Your claw misses Aizul.
Aizul is severely wounded.
You feel sick. Aizul casts a spell at you.
You are more poisoned.
The poison arrow hits you!!!
You die...

#...# #...#...# ###.. #...#
#####.........# #.###
###.##...# #.# ######.##.#.# #
...#####.##### #...##..#.#># #
.........#...####...# #...#.###
####.##.............####..#....
#.............))........####
####.....).@†%.#####....####
#...###S##### ###.##..... #...#
#N†.## ...#...#.. ....##
###.)...###.#...#.# ....##
#N............... .....
#.#######.###.N.. ..... ..#
#..# #.... ##.. #.####....
#...###........#


You could see Aizul and a naga warrior.

Vanquished Creatures
  Gastronok (Lair:3)
  An emperor scorpion (D:12)
  Snorg (Orc)
  A minotaur (Gauntlet)
  Azrael (Snake:1)
  6 naga warriors (Snake:1)
  11 hydras
  A rakshasa (Snake:1)
  An anaconda (shapeshifter) (D:12)
  A catoblepas (Gauntlet)
  3 anacondas (Snake:1)
  16 two-headed ogres
  2 dancing weapons (D:12)
  3 ogre magi
  A tengu warrior (D:12)
  3 thrashing horrors (Lair:6)
  2 deep trolls (Orc)
  A fire crab (Gauntlet)
  4 centaur warriors
  2 orc knights
  4 skeletal warriors (D:12)
  2 cyclopes (Orc)
  An ugly thing (Lair:6)
  A lindwurm (Lair:5)
  2 mana vipers (Snake:1)
  2 orc sorcerers (Orc)
  3 salamanders (Snake:1)
  3 manticores
  Joseph (D:7)
  7 black mambas
  A water nymph (shapeshifter) (Lair:6)
  10 elephants
  A naga mage (Snake:1)
  2 guardian serpents (Snake:1)
  A black mamba (shapeshifter) (Lair:6)
  12 cane toads
  An ice statue (Gauntlet)
  3 gargoyles
  A molten gargoyle (Gauntlet)
  A smoke demon (Lair:6)
  8 komodo dragons
  4 rime drakes
  A tengu conjurer (D:12)
  An efreet (D:12)
  An ancient zyme (Lair:6)
  12 trolls
  3 meliai (D:12)
  A harpy zombie (D:12)
  A polar bear (Lair:6)
  A wolf spider simulacrum (D:12)
  A queen bee (Lair:5)
  27 blink frogs
  2 slime creatures
  A raiju (shapeshifter) (Lair:6)
  2 large abominations (Lair:6)
  3 harpy skeletons
  Grum (Lair:2)
  6 hippogriffs
  A meliai zombie (D:10)
  24 dream sheep
  Sigmund (D:6)
  10 small abominations (Lair:6)
  A vampire (D:12)
  A ynoxinul (Lair:6)
  2 spriggans (Lair:6)
  6 wyverns
  2 shadows
  2 wraiths
  2 fire bats (Gauntlet)
  26 yaks
  Eustachio (D:4)
  4 basilisks
  6 fire elementals (Snake:1)
  2 steam dragons
  2 hungry ghosts
  A chaos spawn (Lair:6)
  10 vampire mosquitoes (D:12)
  Menkaure (D:6)
  2 acid dragons
  4 nagas
  9 crocodiles
  A hell hound (Snake:1)
  8 water moccasins
  6 porcupines
  3 black bears (D:7)
  An ice beast (shapeshifter) (Lair:6)
  12 orc warriors
  A soldier ant (shapeshifter) (D:12)
  3 sky beasts
  3 ice beasts
  2 phantoms
  A hornet zombie (D:8)
  10 wolves
  29 ogres
  11 bullfrogs
  5 kobold brigands
  7 centaurs
  6 scorpions
  23 killer bees (Lair:5)
  14 wights
  5 howler monkeys
  7 orc priests
  4 crimson imps
  3 jellies
  A bullfrog zombie (D:8)
  9 hounds
  2 bullfrog skeletons
  2 iguanas
  15 orc wizards
  6 worker ants
  A mummy (Ossuary)
  A howler monkey zombie (D:5)
  3 worker ant zombies
  3 gnolls (D:6)
  12 adders
  A shadow imp (D:7)
  3 adder zombies
  An adder skeleton (D:7)
  4 worms
  A dart slug (D:3)
  8 leopard geckos
  35 orcs
  2 ball pythons
  A bat zombie (D:2)
  6 giant cockroaches
  3 goblins
  11 hobgoblins
  9 jackals
  3 quokkas
  6 bats
  9 frilled lizards
  5 gnoll skeletons (Ossuary)
  22 kobolds
  10 kobold skeletons (Ossuary)
  10 orc skeletons (Ossuary)
  A rat (D:3)
  3 rat zombies (D:2)
  A fungus (D:5)
692 creatures vanquished.

Vanquished Creatures (collateral kills)
  A dream sheep (Lair:6)
  A killer bee (Lair:5)
2 creatures vanquished.

Vanquished Creatures (others)
  2 kobolds (D:9)
  46 fungi
  75 plants
  3 toadstools (D:5)
126 creatures vanquished.

Grand Total: 820 creatures vanquished

Notes
Turn   | Place    | Note
-------+----------+-------------------------------------------
     0 | D:1      | Morbidden the Troll Archaeologist began the quest for the
                  | Orb.
     0 | D:1      | Reached XP level 1. HP: 18/18 MP: 0/0
   156 | D:1      | Reached XP level 2. HP: 26/26 MP: 1/1
   334 | D:1      | Reached skill level 1 in Fighting
   880 | D:2      | Reached skill level 1 in Unarmed Combat
   891 | D:2      | Reached XP level 3. HP: 33/33 MP: 2/2
  1367 | D:2      | Found an ancient bone altar of Kikubaaqudgha.
  1458 | D:2      | Found an opulent altar of Gozag.
  1581 | D:2      | Found a glowing silver altar of Zin.
  1794 | D:2      | Reached skill level 2 in Unarmed Combat
  2000 | D:3      | Gained mutation: Your natural rate of healing is unusually
                  | fast. [Troll growth]
  2000 | D:3      | Reached XP level 4. HP: 40/41 MP: 3/3
  2011 | D:3      | Found a sacrificial altar of Ru.
  2145 | D:3      | Noticed an ice beast
  2158 | D:3      | Killed an ice beast
  2159 | D:3      | Reached skill level 3 in Unarmed Combat
  2159 | D:3      | Reached skill level 1 in Spellcasting
  2159 | D:3      | Reached XP level 5. HP: 46/48 MP: 5/5
  2159 | D:3      | Identified a scroll of acquirement
  2159 | D:3      | Identified the +4 medium shield "Qipuef" {rPois rN+ Dex+4}
                  | (You acquired it on level 3 of the Dungeon)
  2407 | D:3      | Reached skill level 1 in Throwing
  2667 | D:4      | Reached XP level 6. HP: 17/55 MP: 6/6
  2970 | D:4      | Found a sparkling altar of Nemelex Xobeh.
  3008 | D:4      | Reached skill level 4 in Unarmed Combat
  3151 | D:4      | Found a staircase to the Ecumenical Temple.
  3227 | D:4      | Noticed Eustachio
  3294 | Temple   | Entered the Ecumenical Temple
  3417 | Temple   | Became a worshipper of Cheibriados the Contemplative
  3487 | D:4      | Killed Eustachio
  3488 | D:4      | Reached XP level 7. HP: 63/63 MP: 8/8
  3542 | D:5      | Entered Level 5 of the Dungeon
  3548 | D:5      | Noticed a yak
  3557 | D:5      | Killed a yak
  3558 | D:5      | Reached skill level 1 in Invocations
  3635 | D:5      | Reached skill level 5 in Unarmed Combat
  3635 | D:5      | Reached skill level 1 in Evocations
  3649 | D:5      | Found a sand-covered staircase.
  3665 | Ossuary  | Entered an ossuary
  3665 | Ossuary  | Noticed a wraith
  3665 | Ossuary  | Noticed a wraith
  3665 | Ossuary  | Noticed a wraith
  3716 | Ossuary  | Noticed a wraith
  3721 | Ossuary  | Killed a wraith
  3771 | Ossuary  | Reached * piety under Cheibriados
  3863 | D:5      | Reached XP level 8. HP: 72/72 MP: 9/9
  3903 | D:5      | Reached skill level 6 in Unarmed Combat
  3969 | D:5      | Found a hide-covered altar of Uskayaw.
  4387 | D:6      | Noticed Sigmund
  4449 | D:5      | Reached ** piety under Cheibriados
  4530 | D:6      | Noticed a gargoyle
  4545 | D:6      | Killed a gargoyle
  4546 | D:6      | Reached skill level 7 in Unarmed Combat
  4658 | D:6      | Reached XP level 9. HP: 76/81 MP: 11/11
  4693 | D:6      | Killed Sigmund
  4761 | D:6      | Noticed Menkaure
  4764 | D:6      | Killed Menkaure
  4765 | D:6      | Reached skill level 8 in Unarmed Combat
  4845 | D:6      | Reached *** piety under Cheibriados
  5257 | D:6      | Found a white marble altar of Elyvilon.
  5318 | D:7      | Reached skill level 5 in Dodging
  5388 | D:7      | Reached skill level 9 in Unarmed Combat
  5474 | D:7      | Noticed a troll
  5481 | D:7      | Killed a troll
  5509 | D:7      | Noticed Joseph
  5531 | D:7      | Killed Joseph
  5532 | D:7      | Reached XP level 10. HP: 34/93 MP: 13/13
  5813 | D:7      | Reached **** piety under Cheibriados
  6156 | D:8      | Reached skill level 1 in Slings
  6412 | D:8      | Reached ***** piety under Cheibriados
  6451 | D:8      | Found a staircase to the Orcish Mines.
  6583 | D:8      | Noticed a three-headed hydra
  6805 | D:9      | Reached skill level 5 in Fighting
  6970 | D:9      | Found a staircase to the Lair.
  7139 | D:9      | Found a burning altar of Makhleb.
  7141 | D:9      | Found a corrupted altar of Lugonu.
  7146 | D:9      | Reached XP level 11. HP: 102/102 MP: 15/15
  7146 | D:9      | Found a shadowy altar of Dithmenos.
  7173 | D:9      | Reached skill level 10 in Unarmed Combat
  7248 | D:9      | Noticed a two-headed ogre
  7259 | D:9      | Killed a two-headed ogre
  7462 | D:9      | Found a stormy altar of Qazlal.
  7808 | D:9      | Found a hazy altar of Hepliaklqana.
  8093 | D:10     | Entered Level 10 of the Dungeon
  8300 | D:10     | Found a bloodstained altar of Trog.
  8866 | D:11     | Noticed a two-headed ogre
  8872 | D:11     | Killed a two-headed ogre
  8881 | D:11     | Noticed a centaur warrior
  8891 | D:11     | Killed a centaur warrior
  9102 | D:11     | Noticed a two-headed ogre
  9107 | D:11     | Killed a two-headed ogre
  9198 | D:11     | Learned a level 1 spell: Beastly Appendage
  9201 | D:11     | Learned a level 1 spell: Flame Tongue
  9917 | Lair:1   | Entered Level 1 of the Lair of Beasts
  9930 | Lair:1   | Reached skill level 5 in Invocations
 10025 | Lair:1   | Reached skill level 5 in Throwing
 10382 | Lair:1   | Gained mutation: You heal very quickly. [Troll growth]
 10382 | Lair:1   | Reached XP level 12. HP: 87/113 MP: 17/17
 10933 | Lair:2   | Noticed Grum
 10939 | Lair:2   | Reached ****** piety under Cheibriados
 10941 | Lair:2   | Killed Grum
 10943 | Lair:2   | Reached skill level 1 in Conjurations
 10977 | Lair:2   | Reached skill level 1 in Fire Magic
 10977 | Lair:2   | Found a gate leading to a gauntlet.
 10987 | Gauntlet | Entered a Gauntlet
 10987 | Gauntlet | Found a transporter.
 11000 | Gauntlet | Found a transporter.
 11014 | Gauntlet | Found a transporter.
 11020 | Gauntlet | Found a transporter.
 11034 | Gauntlet | Noticed a reaper
 11035 | Gauntlet | Found a transporter.
 11054 | Gauntlet | Found a transporter.
 11054 | Gauntlet | Noticed a catoblepas
 11062 | Gauntlet | Noticed a death scarab
 11062 | Gauntlet | Noticed a death scarab
 11066 | Gauntlet | Found a transporter.
 11078 | Gauntlet | Found a transporter.
 11078 | Gauntlet | Noticed a cacodemon
 11089 | Gauntlet | Noticed a death ooze
 11090 | Gauntlet | Found a transporter.
 11102 | Gauntlet | Found a transporter.
 11108 | Gauntlet | Found a transporter.
 11108 | Gauntlet | Found a transporter.
 11151 | Gauntlet | Found a transporter.
 11177 | Gauntlet | Found a transporter.
 11179 | Gauntlet | Found a transporter.
 11201 | Gauntlet | Found a transporter.
 11281 | Gauntlet | Found a transporter.
 11303 | Gauntlet | Found a transporter.
 11456 | Gauntlet | Reached skill level 1 in Transmutations
 11564 | Gauntlet | Killed a catoblepas
 11578 | Gauntlet | Identified the ring of the Philosopher {*Contam rElec rF+
                  | MP+9 SInv, pickup} (You found it in a Gauntlet)
 11585 | Gauntlet | Identified the +2 cloak "Bakhlial" {Str+3 Dex+3, pickup}
                  | (You found it in a Gauntlet)
 11847 | Gauntlet | Identified the cursed ring of the Good {Slay+4 Stlth+}
 11847 | Gauntlet | Noticed a minotaur
 11859 | Gauntlet | Killed a minotaur
 11860 | Gauntlet | Reached skill level 11 in Unarmed Combat
 12175 | Gauntlet | Reached XP level 13. HP: 130/130 MP: 19/19
 13154 | Lair:3   | Found a staircase to the Snake Pit.
 13177 | Lair:3   | Noticed Gastronok
 13187 | Lair:3   | Killed Gastronok
 13188 | Lair:3   | Reached skill level 5 in Spellcasting
 13234 | Lair:3   | Learned a level 4 spell: Sticky Flame
 13903 | Lair:4   | Found a staircase to the Shoals.
 14142 | Lair:4   | Reached XP level 14. HP: 127/137 MP: 20/20
 15083 | Lair:4   | Reached skill level 5 in Slings
 15493 | Lair:5   | Reached skill level 5 in Evocations
 16186 | Lair:6   | Entered Level 6 of the Lair of Beasts
 16483 | Lair:6   | Found a staircase to the Slime Pits.
 16483 | Lair:6   | Found a viscous altar of Jiyva.
 16615 | Lair:6   | Reached skill level 12 in Unarmed Combat
 17012 | Lair:6   | Reached XP level 15. HP: 145/148 MP: 22/22
 17199 | Lair:6   | Found a corrupted altar of Lugonu.
 17199 | Lair:6   | Found a one-way gate to the infinite horrors of the Abyss.
 17402 | Lair:6   | Learned a level 6 spell: Statue Form
 17818 | D:12     | Entered Level 12 of the Dungeon
 18109 | D:12     | Found a white marble altar of Elyvilon.
 18160 | D:12     | Found a staircase to the Depths.
 18192 | D:12     | Reached skill level 1 in Earth Magic
 18421 | D:12     | Identified the +5 chain mail of the Camelopard {rElec
                  | Slay+3}
 18566 | D:12     | Found a gate to the Vaults.
 19473 | Orc      | Entered the Orcish Mines
 19473 | Orc      | Found Mokoes's Assorted Antiques.
 19473 | Orc      | Found Mazuipue's Antique Weapon Shoppe.
 19473 | Orc      | Found Ysiwul's Antique Weapon Shoppe.
 19473 | Orc      | Noticed Snorg
 19476 | Orc      | Found Epsykimo's Gadget Boutique.
 19492 | Orc      | Reached skill level 13 in Unarmed Combat
 19693 | Orc      | Killed Snorg
 19717 | Orc      | Gained mutation: Your flesh is cold resistant. (rC+) [Troll
                  | growth]
 19717 | Orc      | Reached XP level 16. HP: 50/158 MP: 24/24
 19813 | Orc      | Found Haapuh's Antique Weapon Emporium.
 19940 | Orc      | Found a staircase to the Elven Halls.
 20355 | Snake:1  | Entered Level 1 of the Snake Pit
 20453 | Snake:1  | HP: 4/158 [naga warrior/javelin (21)]
 20563 | Snake:1  | Noticed Azrael
 20577 | Snake:1  | Killed Azrael
 20580 | Snake:1  | Reached skill level 10 in Fighting
 20604 | Snake:1  | Noticed Aizul
 20895 | Snake:1  | Killed from afar by Aizul

Skill      XL: |  1  2  3  4  5  6  7  8  9 10 11 12 13 14 15 16 |
---------------+-------------------------------------------------+-----
Fighting       | 1 2 3 4 5 8 9 10 | 10.0
Unarmed Combat | 1 2 3 4 5 7 9 10 11 12 13 | 13.4
Stealth        | 2 3 |  3.2
Dodging        | 3 4 5 6 7 8 |  8.6
Spellcasting   | 1 2 3 4 5 6 |  6.7
Throwing       | 1 2 3 4 5 6 7 |  7.7
Invocations    | 1 2 3 4 5 6 7 8 |  8.2
Evocations     | 1 2 3 4 5 6 |  6.1
Slings         | 2 4 5 6 |  6.4
Conjurations   | 1 2 3 4 |  4.4
Fire Magic     | 1 2 3 |  3.2
Transmutations | 1 2 3 |  3.9
Earth Magic    | 2 3 |  3.1
Maces & Flails | |  1.0

Action                   |  1- 3 |  4- 6 |  7- 9 | 10-12 | 13-15 | 16-18 || total
-------------------------+-------+-------+-------+-------+-------+-------++-------
Melee: Unarmed           |   149 |   152 |   302 |   179 |   451 |   101 ||  1334
       Punch             |     1 |     1 |    12 |    14 |    40 |    10 ||    78
       Kick              |       |       |       |     2 |    24 |    13 ||    39
 Fire: Blowgun           |       |       |    14 |       |       |       ||    14
       Hunting sling     |       |       |       |   313 |   471 |    82 ||   866
Throw: Stone             |     2 |     6 |       |       |       |       ||     8
       Tomahawk          |       |     7 |     2 |    14 |    22 |     7 ||    52
       Javelin           |       |       |       |       |       |     3 ||     3
 Cast: Beastly Appendage |       |       |       |     4 |     9 |     2 ||    15
       Flame Tongue      |       |       |       |     2 |    30 |       ||    32
Invok: Step From Time    |       |       |       |       |       |     1 ||     1
Evoke: Wand              |       |       |     3 |     3 |     1 |     1 ||     8
       Lightning rod     |       |       |       |     7 |     8 |       ||    15
       Phial of floods   |       |       |       |     1 |     2 |     1 ||     4
  Use: Scroll            |     1 |     2 |     2 |    20 |    10 |     5 ||    40
       Potion            |       |       |       |     1 |     5 |     4 ||    10
 Stab: Sleeping          |     3 |     1 |     2 |       |     2 |       ||     8
       Paralysed         |       |       |       |     2 |       |       ||     2
       Distracted        |       |       |       |       |     1 |       ||     1
  Eat: Chunk             |    21 |    11 |    18 |    47 |    61 |     9 ||   167
       Ration            |       |       |       |       |     1 |       ||     1
Armor: Skin              |    56 |    61 |    73 |   111 |   243 |    42 ||   586
Dodge: Dodged            |    76 |    79 |    98 |   188 |   718 |   144 ||  1303
